 Dungeon Crawl Stone Soup version 0.28-a0-1235-g7c8fac35f0 (webtiles) character file.

Game seed: 18440294187210682816

870 bearlyready the Ruffian (level 7, -3/52 HPs)
             Began as a White Draconian Transmuter on Dec 24, 2021.
             Killed by miscasting Ice Form (5 damage)
             ... on level 5 of the Dungeon.
             The game lasted 00:05:55 (4312 turns).

bearlyready the Ruffian (DrTm)                      Turns: 4312, Time: 00:05:56

Health: -3/52      AC:  6    Str: 12    XL:     7   Next: 73%
Magic:  4/10       EV: 16    Int: 16    God:
Gold:   181        SH:  0    Dex: 11    Spells: 0/10 levels left

rFire   . . .      SeeInvis .     - Unarmed
rCold   + . .      Faith    .   (no shield)
rNeg    . . .      Spirit   .   (armour unavailable)
rPois   .          Reflect  .   (helmet restricted)
rElec   .          Harm     .   i - scarf {shadows}
rCorr   .          Rampage  .   (no gloves)
Will    .....                   (no boots)
Stlth   +.........              (no amulet)
HPRegen 0.17/turn               g - +4 ring of evasion
MPRegen 0.12/turn               p - ring of wizardry

@: lethally poisoned (-3 -> -7), very slightly contaminated, hasted, very quick
A: breathe frost, AC +6, unfitting armour, cold resistance 1, cold-blooded
a: Breathe Frost


You were on level 5 of the Dungeon.
You visited 1 branch of the dungeon, and saw 5 of its levels.

You collected 181 gold pieces.

Inventory:

Missiles
 o - 8 poisoned darts
Armour
 i - a scarf of shadows (worn)
Magical Staves
 e - a staff of conjuration
 l - a staff of poison
Jewellery
 g - a +4 ring of evasion (left hand)
 p - a ring of wizardry (right hand)
Scrolls
 c - a scroll of amnesia {unknown}
 d - 2 scrolls of enchant weapon {unknown}
 h - a scroll of identify
 j - a scroll of torment {unknown}
 k - 2 scrolls of teleportation {unknown}
 m - a scroll of noise {unknown}
 n - a scroll of blinking
Potions
 a - a potion of brilliance


   Skills:
 - Level 1.1 Fighting
 - Level 1.7 Dodging
 + Level 6.1 Unarmed Combat
 - Level 2.0 Spellcasting
 + Level 5.6 Transmutations
 + Level 1.5 Ice Magic
 - Level 4.0 Poison Magic


You couldn't memorise any spells.
You knew the following spells:

 Your Spells              Type           Power      Damage    Failure   Level
a - Beastly Appendage     Tmut           38%        N/A       1%          1
b - Wereblood             Tmut           19%        N/A       1%          2
c - Spider Form           Tmut/Pois      17%        N/A       3%          3
d - Ice Form              Ice/Tmut       13%        N/A       19%         4

Your spell library contained the following spells:

 Spells                   Type           Power      Damage    Failure   Level
 Poisonous Vapours        Pois/Air       16%        N/A       6%          2
 Corpse Rot               Necr/Air       2%         N/A       12%         2
 Static Discharge         Conj/Air       1%         N/A       12%         2
 Dispel Undead            Necr           1%         3d6       58%         4
 Sticky Flame             Conj/Fire      1%         2d3       58%         4


Dungeon Overview and Level Annotations

Branches:
Dungeon (5/15)
 Temple: D:4-7

Altars:
Fedhas
Kikubaaqudgha
Trog
Xom


Innate Abilities, Weirdness & Mutations

You can breathe waves of freezing cold which knock back foes.
Your icy white scales are hard. (AC +6)
You cannot fit into any form of body armour.
Your flesh is cold resistant. (rC+)
You are cold-blooded and may be slowed by cold attacks.


Message History

You kill the scorpion!
* * * LOW HITPOINT WARNING * * *
You feel very sick.
It was a potion of haste.
You feel yourself speed up.
* * * LOW HITPOINT WARNING * * *
You feel very sick.
As you read the scroll labelled PYREKI RU BOWK, it crumbles to dust.
It is a scroll of identify.
Really abort (and waste the scroll)? [Y]es or [N]o only, please.
Really abort (and waste the scroll)? [Y]es or [N]o only, please.
Really abort (and waste the scroll)?
Uppercase [Y]es or [N]o only, please.
Really abort (and waste the scroll)?
n - a scroll of blinking
* * * LOW HITPOINT WARNING * * *
You feel sick.
* * * LOW HITPOINT WARNING * * *
You feel sick.
g - a +4 ring of evasion (left front leg)
* * * LOW HITPOINT WARNING * * *
You feel sick.
p - a ring of wizardry (right front leg)
Okay, then.
Casting: Spider Form (dangerous; 9% risk of failure)
Confirm with . or Enter, or press ? or * to list all spells.
Okay, then.
Your transformation has ended.
Your scarf of shadows unmelds from your body.
It gets dark.
* * * LOW HITPOINT WARNING * * *
You feel sick.
Casting: Spider Form (dangerous; 3% risk of failure)
Confirm with . or Enter, or press ? or * to list all spells.
The spell is quite dangerous to miscast (19% risk of failure)!
Continue anyway?
You miscast Ice Form.
You are very lightly contaminated with residual magic.
A chill runs through your body. You resist.
You die...

####..### ###..##
##..### ###..###
##...### ###...##
###...###
####...#...###
###......##@...#
###..).....###....#
###..........#
###.....#
##...........>#
......
.............##
..<..
.............#
.....
.............# ....
#............# ....
#...........##


There were no monsters in sight!

Vanquished Creatures
  An ogre (D:5)
  4 necrophages (D:4)
  A phantom (D:4)
  A scorpion (D:5)
  A water moccasin skeleton (D:4)
  Jessica (D:2)
  A scorpion zombie (D:4)
  Natasha (thrice) (D:3)
  2 hound zombies (D:4)
  A gnoll (D:1)
  3 adders
  An adder zombie (D:4)
  An adder skeleton (D:4)
  2 worms
  A dart slug (D:3)
  2 orcs (D:3)
  6 endoplasms
  A giant cockroach (D:3)
  13 goblins
  9 hobgoblins
  2 quokkas
  5 ball pythons
  2 bats
  4 frilled lizards (D:3)
  9 kobolds
  5 rats
82 creatures vanquished.

Vanquished Creatures (others)
  A bush (D:4)
  9 plants (D:4)
10 creatures vanquished.

Grand Total: 92 creatures vanquished

Notes
Turn   | Place    | Note
-------+----------+-------------------------------------------
     0 | D:1      | bearlyready the Draconian Transmuter began the quest for
                  | the Orb.
     0 | D:1      | Reached XP level 1. HP: 16/16 MP: 3/3
   497 | D:1      | Reached XP level 2. HP: 23/23 MP: 3/5
  1039 | D:2      | Reached XP level 3. HP: 26/28 MP: 4/6
  1087 | D:2      | Noticed Jessica
  1098 | D:2      | Killed Jessica
  1099 | D:2      | Reached skill level 4 in Unarmed Combat
  1387 | D:2      | Found a faded altar of an unknown god.
  1459 | D:2      | Reached XP level 4. HP: 35/35 MP: 5/7
  1622 | D:2      | Learned a level 2 spell: Wereblood
  1626 | D:2      | Learned a level 3 spell: Spider Form
  2518 | D:3      | Reached skill level 1 in Poison Magic
  2674 | D:3      | Noticed Natasha
  2689 | D:3      | Killed Natasha
  2690 | D:3      | Reached XP level 5. HP: 33/40 MP: 8/8
  2770 | D:3      | Found a shimmering altar of Xom.
  2770 | D:3      | Found a bloodstained altar of Trog.
  2927 | D:3      | Noticed Natasha
  2951 | D:3      | Killed Natasha
  2957 | D:3      | Noticed Natasha
  2961 | D:3      | HP: 2/40 [Natasha/magic dart (10)]
  2968 | D:3      | Killed Natasha
  3354 | D:4      | Found a blossoming altar of Fedhas.
  3489 | D:4      | Noticed a phantom
  3500 | D:4      | Killed a phantom
  3501 | D:4      | Reached XP level 6. HP: 43/47 MP: 9/9
  3574 | D:4      | Found an ancient bone altar of Kikubaaqudgha.
  3700 | D:4      | Reached skill level 5 in Unarmed Combat
  4027 | D:4      | Your scales start taking on an icy white colour.
  4027 | D:4      | Reached XP level 7. HP: 52/52 MP: 7/10
  4027 | D:4      | Gained mutation: Your flesh is cold resistant. (rC+) [White
                  | Draconian growth]
  4031 | D:4      | Reached skill level 5 in Transmutations
  4127 | D:4      | Learned a level 4 spell: Ice Form
  4128 | D:5      | Entered Level 5 of the Dungeon
  4173 | D:5      | Reached skill level 6 in Unarmed Combat
  4173 | D:5      | Reached skill level 1 in Ice Magic
  4311 | D:5      | HP: 2/52 [poisoned by a scorpion]
  4312 | D:5      | Killed by miscasting Ice Form

Illustrated notes

Levels and vault maps discovered:
D:1:      mrwooster_arrival_statue_3, layout_loops_ring
D:2:      layout_basic, hellmonk_ecumenical_altar_pennies_from_heaven,
          uniq_jessica
D:3:      layout_basic, gammafunk_temple_overflow_wave,
          chequers_serial_rivers_micro_a, uniq_natasha
D:4:      layout_cave_pools, fedhas_altar_decomposition,
          nicolae_kikubaaqudgha_miasma_corner
D:5:      cheibrodos_iron_armory, layout_cave_pods,
          minmay_temple_entry_enclosed_plants, ebering_ghost_inner_flame,
          uniq_crazy_yiuf_cottage

Skill      XL: |  1  2  3  4  5  6  7 |
---------------+----------------------+-----
Transmutations | 3 4 5 |  5.6
Unarmed Combat | 4 5 6 |  6.1
Poison Magic   | 1 2 3 4 |  4.0
Ice Magic      | 1 |  1.5
Fighting       | |  1.1
Dodging        | |  1.7
Spellcasting   | |  2.0

Action                   |  1- 3 |  4- 6 |  7- 9 || total
-------------------------+-------+-------+-------++-------
Melee: Unarmed           |    62 |   236 |    40 ||   338
       Kick              |    11 |    14 |     8 ||    33
       Headbutt          |     7 |     3 |     6 ||    16
       Tailslap          |     7 |    29 |     2 ||    38
       Punch             |     1 |     5 |     2 ||     8
 Cast: Beastly Appendage |    14 |    10 |     1 ||    25
       Spider Form       |       |     1 |     2 ||     3
       Wereblood         |       |     1 |       ||     1
 Abil: End Transformatio |       |       |     1 ||     1
  Use: Potion            |       |     3 |     2 ||     5
       Scroll            |       |       |     1 ||     1
Armor: Skin              |    17 |    52 |    12 ||    81
Dodge: Dodged            |    35 |    98 |    17 ||   150

Table legend: (Time is in decaauts)
 A = Elapsed time spent in this place.
 B = Non-inter-level travel time spent in this place.
 C = Inter-level travel time spent in this place.
 D = Time resting spent in this place.
 E = Time spent auto-exploring this place.
 F = Levels seen in this place.
 G = Mean time per level.
                   A        B        C        D        E       F      G
               +--------+--------+--------+--------+--------+-----+--------+
         Total |   4305 |   4178 |    127 |      0 |   3357 |   5 |  861.0 |
       Dungeon |   4305 |   4178 |    127 |      0 |   3357 |   5 |  861.0 |
               +--------+--------+--------+--------+--------+-----+--------+

Top non-repeatable levels by time:
     D:2: 1160 daAuts
     D:3: 1104 daAuts
     D:1: 1012 daAuts
     D:4: 847 daAuts
     D:5: 180 daAuts
